 Dungeon Crawl Stone Soup version 0.18.1-48-g4cf74bf (webtiles) character file.

7263 Kisielow the Infuser (level 10, -9/63 HPs)
             Began as a Deep Elf Conjurer on Aug 9, 2016.
             Was a Believer of Vehumet.
             Mangled by a brown ugly thing (15 damage)
             ... on level 9 of the Dungeon.
             The game lasted 00:45:53 (11450 turns).

Kisielow the Infuser (Deep Elf Conjurer)           Turns: 11450, Time: 00:45:54

Health: -9/63      AC:  6    Str:  5    XL:     10   Next: 89%
Magic:  6/19       EV: 16    Int: 27    God:    Vehumet [**....]
Gold:   613        SH:  0    Dex: 15    Spells: 4 memorised, 9 levels left

rFire  + . .     SeeInvis .     d - +1 dagger
rCold  . . .     Gourm    .     H - +0 robe {rF+}
rNeg   . . .     Faith    .     (no shield)
rPois  +         Spirit   .     y - +0 helmet
rElec  .         Dismiss  .     (no cloak)
rCorr  .         Reflect  .     I - +2 pair of gloves
SustAt .         Harm     .     (no boots)
MR     +....     Clarity  +     w - amulet of rage
Stlth  ++........               j - ring of poison resistance
                                g - +3 ring of intelligence

@: somewhat resistant to hostile enchantments, unstealthy
A: clarity, deterioration 1, MP-powered wands
a: Renounce Religion, Evoke Berserk Rage


You were on level 9 of the Dungeon.
You worshipped Vehumet.
Vehumet was pleased with you.
You were hungry.

You visited 2 branches of the dungeon, and saw 10 of its levels.

You collected 613 gold pieces.

Inventory:

Hand Weapons
 d - a +1 dagger (weapon)
Armour
 p - a steam dragon hide
 y - a +0 helmet (worn)
 H - a +0 robe of fire resistance (worn)
 I - a +2 pair of gloves (worn)
Jewellery
 g - a +3 ring of intelligence (left hand)
 j - a ring of poison resistance (right hand)
 w - an amulet of rage (around neck)
 z - an uncursed ring of teleportation
 B - an uncursed ring of fire
 F - an uncursed ring of stealth
 G - an uncursed ring of sustain attributes
Wands
 u - a wand of iceblast (3/15)
 C - a wand of random effects (21/48)
Scrolls
 a - 2 scrolls of fog
 e - 3 scrolls of remove curse
 f - a scroll of amnesia
 m - 4 scrolls of recharging
 r - 2 scrolls of identify
 s - 2 scrolls of enchant weapon
 x - a scroll of magic mapping
Potions
 h - 2 potions of flight
 n - 5 potions of might
 t - a potion of agility
 A - 3 potions of curing
 E - a potion of invisibility
Books
 b - a book of Conjurations

   Spells                             Type                      Level
   a - Magic Dart                     Conjuration                  1
   b - Searing Ray                    Conjuration                  2
   c - Dazzling Spray                 Conjuration/Hexes            3
   d - Fulminant Prism                Conjuration/Hexes            4
   e - Iskenderun's Mystic Blast      Conjuration                  4
   f - Iskenderun's Battlesphere      Conjuration/Charms           5
 o - the Reference Book on Intoxication and the Oath
   (You acquired it on level 8 of the Dungeon)

   Spells                             Type                      Level
   a - Sting                          Conjuration/Poison           1
   b - Cure Poison                    Poison                       2
   c - Confuse                        Hexes                        3
   d - Spectral Weapon                Hexes/Charms                 3
   e - Gell's Gravitas                Hexes/Translocation          3
   f - Spider Form                    Transmutation/Poison         3
   g - Summon Mana Viper              Hexes/Summoning              5
   h - Metabolic Englaciation         Hexes/Ice                    5
Comestibles
 c - 6 bread rations
 i - 3 chunks of flesh
 k - 3 slices of pizza
 l - 4 meat rations
 D - 2 fruits


   Skills:
 - Level 7.0 Fighting
 - Level 7.0 Dodging
 - Level 2.4 Stealth
 * Level 4.8 Spellcasting
 - Level 10.7 Conjurations
 - Level 11.0 Charms
 * Level 5.7 Fire Magic


You had 9 spell levels left.
You knew the following spells:

 Your Spells              Type           Power        Failure   Level  Hunger
a - Magic Dart            Conj           ####         1%          1    None
b - Searing Ray           Conj           ######       1%          2    None
q - Iskenderun's Battles  Conj/Chrm      ######..     2%          5    #####..
s - Flame Tongue          Conj/Fire      #####        1%          1    None


Dungeon Overview and Level Annotations

Branches:
Dungeon (9/15)             Temple (1/1) D:7             Orc (0/2) D:9
   Lair: D:8-11

Altars:
Ashenzari
Cheibriados
Dithmenos
Elyvilon
Fedhas
Gozag
Kikubaaqudgha
Makhleb
Nemelex Xobeh
Okawaru
Pakellas
Qazlal
Ru
Sif Muna
Trog
Vehumet
Xom
Yredelemnul
Zin
The Shining One


Innate Abilities, Weirdness & Mutations

You possess an exceptional clarity of mind.
Your body sometimes deteriorates upon taking damage.
You expend magic power (3 MP) to strengthen your wands.


Message History

Aim: a brown ugly thing (heavily wounded)
The magic dart hits the brown ugly thing.
The brown ugly thing is heavily wounded.
Your battlesphere fires!
The barrage of energy hits the brown ugly thing.
The brown ugly thing is severely wounded.
Your battlesphere expends the last of its energy and dissipates.
The brown ugly thing tentacle-slaps you.
You are splashed with acid!
The acid burns!
Casting: Magic Dart
Confirm with . or Enter, or press ? or * to list all spells.
You conjure a globe of magical energy.
The brown ugly thing tentacle-slaps you!
* * * LOW HITPOINT WARNING * * *
You are splashed with acid!
The acid burns!
* * * LOW HITPOINT WARNING * * *
Drink which item? (? for menu, Esc to quit)
You feel better.
The brown ugly thing tentacle-slaps you!
You die...

###.######.####..#
#..# #.# #..# ##.##
############## ...#
.......'.)...# ...#
.......#†....# ...##
#####..#..#..# ....#
#..#.*#..# ....#
#.h#§u#..# ....##
#..#.@#..# .....#
#..#..#..# .....##
...#..#..# ......###
#..#..# #.......####
#..#
#......).'.####..#..#
+........#.......#..#
##.......##......#..#
.###......#..#####..#


You could see a brown ugly thing and a friendly battlesphere.

Vanquished Creatures
  Erolcha (D:8)
  The ghost of BabyRage the Cleaver, a novice NaWr of Ru (D:6)
  Joseph (D:8)
  Prince Ribbit (D:9)
  2 two-headed ogres (D:9)
  4 yaks (D:9)
  A hungry ghost (D:8)
  A hippogriff (D:8)
  A wraith (D:9)
  2 steam dragons (D:5)
  Menkaure (D:5)
  The ghost of WobbleTop the Sneak, an amateur SpWr (D:4)
  A black bear (D:8)
  8 ogres
  3 orc warriors
  3 sky beasts
  A centaur (D:6)
  A big kobold (D:9)
  2 giant frogs (D:6)
  A wyvern zombie (D:7)
  2 gnoll sergeants
  A water moccasin zombie (D:5)
  2 howler monkeys (D:4)
  6 crimson imps
  A centaur zombie (D:8)
  A hound (D:4)
  6 orc priests
  A centaur skeleton (D:8)
  A giant frog skeleton (D:9)
  A gnoll shaman (D:9)
  A jelly (D:5)
  9 orc wizards
  2 iguanas
  3 worker ants
  A killer bee zombie (D:9)
  2 hound zombies
  23 gnolls
  A howler monkey skeleton (D:5)
  13 adders
  6 shadow imps
  An ooze (D:1)
  3 worms
  3 dart slugs
  2 giant geckos (D:2)
  26 orcs
  3 ball pythons
  9 bats
  6 giant cockroaches
  13 goblins
  10 hobgoblins
  18 jackals
  12 quokkas
  5 giant newts
  8 kobolds
  A quokka skeleton (D:9)
  A quokka zombie (D:8)
  13 rats
254 creatures vanquished.

Vanquished Creatures (collateral kills)
  A giant frog (D:8)
  A gnoll (D:8)
2 creatures vanquished.

Grand Total: 256 creatures vanquished

Notes
Turn   | Place    | Note
--------------------------------------------------------------
     0 | D:1      | Kisielow the Deep Elf Conjurer began the quest for the Orb.
     0 | D:1      | Reached XP level 1. HP: 10/10 MP: 6/6
    93 | D:1      | Reached XP level 2. HP: 15/15 MP: 1/8
   215 | D:1      | Reached skill level 5 in Conjurations
   226 | D:1      | Learned a level 2 spell: Searing Ray
   680 | D:1      | Reached XP level 3. HP: 19/19 MP: 5/9
  1384 | D:2      | Reached XP level 4. HP: 24/24 MP: 5/10
  2046 | D:3      | Reached XP level 5. HP: 4/28 MP: 2/11
  2584 | D:3      | Noticed an ogre
  2594 | D:3      | Killed an ogre
  2605 | D:3      | Learned a level 5 spell: Iskenderun's Battlesphere
  3031 | D:4      | Reached XP level 6. HP: 32/32 MP: 9/12
  3195 | D:4      | Reached skill level 1 in Charms
  3255 | D:4      | Reached skill level 2 in Charms
  3337 | D:4      | Reached skill level 3 in Charms
  3520 | D:4      | Reached skill level 4 in Charms
  3578 | D:4      | Reached XP level 7. HP: 34/36 MP: 1/13
  3594 | D:4      | Reached skill level 5 in Charms
  3815 | D:4      | Noticed WobbleTop's ghost (amateur SpWr)
  3832 | D:4      | Killed WobbleTop's ghost
  3832 | D:4      | Reached skill level 6 in Charms
  4412 | D:5      | Entered Level 5 of the Dungeon
  4420 | D:5      | Reached skill level 7 in Charms
  4944 | D:5      | Noticed Menkaure
  5031 | D:5      | Killed Menkaure
  5031 | D:5      | Reached skill level 8 in Charms
  5031 | D:5      | Reached XP level 8. HP: 41/41 MP: 10/14
  5197 | D:5      | Found a snail-covered altar of Cheibriados.
  5603 | D:5      | Reached skill level 1 in Fighting
  6937 | D:6      | Reached skill level 9 in Charms
  7352 | D:6      | Noticed BabyRage's ghost (novice NaWr)
  7362 | D:6      | Killed BabyRage's ghost
  7362 | D:6      | Reached skill level 10 in Conjurations
  7362 | D:6      | Reached skill level 10 in Charms
  7362 | D:6      | Reached XP level 9. HP: 42/52 MP: 1/15
  7884 | D:7      | Found a staircase to the Ecumenical Temple.
  7897 | Temple   | Entered the Ecumenical Temple
  8157 | Temple   | Became a worshipper of Vehumet
  8465 | D:7      | Found a deep blue altar of Sif Muna.
  8619 | D:8      | Reached skill level 5 in Fighting
  8619 | D:8      | Reached skill level 11 in Charms
  8624 | D:8      | Noticed Joseph
  8630 | D:8      | Killed Joseph
  8948 | D:8      | Reached * piety under Vehumet
  8948 | D:8      | Offered knowledge of Flame Tongue by Vehumet.
  9063 | D:7      | Learned a level 1 spell: Flame Tongue
  9260 | D:8      | Found a sacrificial altar of Ru.
  9300 | D:8      | Reached skill level 1 in Fire Magic
  9341 | D:8      | Reached XP level 10. HP: 57/60 MP: 0/16
  9355 | D:8      | Noticed Erolcha
  9708 | D:8      | Paralysed by Erolcha for 2 turns
  9713 | D:8      | Killed Erolcha
  9713 | D:8      | Reached skill level 5 in Dodging
  9893 | D:8      | Identified a scroll of acquirement
  9896 | D:8      | Identified the Reference Book on Intoxication and the Oath (You acquired it on level 8 of the Dungeon)
 10108 | D:9      | Found a staircase to the Orcish Mines.
 10243 | D:9      | Noticed Prince Ribbit
 10247 | D:9      | Killed Prince Ribbit
 10445 | D:9      | Reached ** piety under Vehumet
 10445 | D:9      | Offered knowledge of Throw Frost by Vehumet.
 11072 | D:9      | Reached skill level 5 in Fire Magic
 11192 | D:9      | Gained mutation: You possess an exceptional clarity of mind. [mutagenic meat]
 11193 | D:9      | Gained mutation: You expend magic power (3 MP) to strengthen your wands. [mutagenic meat]
 11194 | D:9      | Gained mutation: Your body sometimes deteriorates upon taking damage. [mutagenic meat]
 11282 | D:9      | Found an iron altar of Okawaru.
 11433 | D:9      | Noticed a brown ugly thing
 11449 | D:9      | HP: 1/63 [acid (7)]
 11450 | D:9      | Mangled by a brown ugly thing

Skill      XL: |  1  2  3  4  5  6  7  8  9 10 |
---------------+-------------------------------+-----
Conjurations   | 5 6 7 8 9 10 | 10.7
Charms         | 4 8 10 11 | 11.0
Fighting       | 4 5 7 |  7.0
Dodging        | 4 7 |  7.0
Fire Magic     | 1 5 |  5.7
Spellcasting   | 4 |  4.8
Stealth        | |  2.4

Action                   |  1- 3 |  4- 6 |  7- 9 | 10-12 || total
-------------------------+-------+-------+-------+-------++-------
Melee: Dagger            |       |     9 |    39 |     3 ||    51
 Cast: Magic Dart        |    82 |   125 |   196 |   125 ||   528
       Searing Ray       |     1 |     4 |     8 |     2 ||    15
       Iskenderun's Batt |       |       |    34 |    24 ||    58
       Flame Tongue      |       |       |     3 |       ||     3
 Abil: Evoke Berserk Rag |       |       |     2 |       ||     2
Evoke: Wand              |       |     2 |     5 |     2 ||     9
  Use: Scroll            |       |    12 |    11 |     3 ||    26
       Potion            |       |     3 |     2 |     1 ||     6
  Eat: Chunk             |     1 |     7 |    22 |    16 ||    46
       Meat ration       |       |       |     1 |       ||     1
       Bread ration      |       |       |     1 |       ||     1
Armor: Robe              |     1 |     1 |    13 |     6 ||    21
Dodge: Dodged            |     5 |     8 |    57 |    37 ||   107
